 Dungeon Crawl Stone Soup version 0.28-a0-580-ga2639ab843 (webtiles) character file.

Game seed: 4952771501621176211

42 iamoutofideas the Chopper (level 3, -4/30 HPs)
             Began as a Hill Orc Gladiator on Oct 3, 2021.
             Killed by divine providence
             ... invoked by an orc priest
              (13 damage)
             ... on level 3 of the Dungeon.
             The game lasted 00:01:58 (1731 turns).

iamoutofideas the Chopper (Hill Orc Gladiator)      Turns: 1731, Time: 00:01:58

Health: -4/30      AC:  5    Str: 17    XL:     3   Next: 56%
Magic:  3/3        EV: 12    Int:  8    God:
Gold:   21         SH:  0    Dex: 12    Spells: 2/2 levels left

rFire   . . .      SeeInvis .   a - +0 war axe
rCold   . . .      Faith    .   (no shield)
rNeg    + . .      Spirit   .   p - +1 leather armour {rN+}
rPois   .          Reflect  .   c - +0 helmet
rElec   .          Harm     .   (no cloak)
rCorr   .          Rampage  .   (no gloves)
Will    +....                   (no boots)
Stlth   +.........              (no amulet)
HPRegen 0.10/turn               n - ring of willpower
MPRegen 0.08/turn               (no ring)

@: no status effects
A: no striking features
a: Convert to Beogh


You were on level 3 of the Dungeon.
You visited 1 branch of the dungeon, and saw 3 of its levels.

You collected 175 gold pieces.
You spent 154 gold pieces at shops.

Inventory:

Hand Weapons
 a - a +0 war axe (weapon)
Missiles
 d - 3 throwing nets (quivered)
Armour
 b - a +0 leather armour
 c - a +0 helmet (worn)
 p - a +1 leather armour of positive energy (worn)
Jewellery
 g - an amulet of faith
 n - a ring of willpower (left hand)
Scrolls
 e - a scroll of identify {unknown}
 h - a scroll of immolation {unknown}
 i - a scroll of teleportation {unknown}
Potions
 f - a potion of attraction {unknown}
 j - a potion of curing {unknown}
 k - a potion of degeneration {unknown}
 l - a potion of heal wounds {unknown}
 m - a potion of brilliance {unknown}
 o - a potion of cancellation {unknown}


   Skills:
 - Level 2.4 Fighting
 + Level 5.2 Axes
 - Level 1.8 Throwing
 - Level 1.2 Armour
 - Level 2.7 Dodging


You had 2 spell levels left.
You didn't know any spells.
Your spell library contained the following spells:

 Spells                   Type           Power      Damage    Failure   Level
 Ensorcelled Hibernation  Hex/Ice        0%         N/A       61%         2
 Passwall                 Tmut/Erth      0%         N/A       61%         2
 Spider Form              Tmut/Pois      0%         N/A       83%         3
 Swiftness                Air            0%         N/A       83%         3
 Invisibility             Hex            0%         N/A       100%        6


Dungeon Overview and Level Annotations

Branches:
Dungeon (3/15)

Altars:
Wu Jian

Shops:
D:1 *   D:2 [

Annotations:
D:1 exclusion: downstairs


Message History

Unknown command.
You barely miss the orc priest. You hit the orc.
The orc hits you with a +0 hand axe.
The orc priest hits you with a +0 hand axe.
You are too injured to fight recklessly!
The orc priest shouts, "Join the one true god or die!"
You slash the orc priest!
The orc priest is severely wounded.
You hit the orc but do no damage.
The orc priest hits you with a +0 hand axe.
The orc hits you with a +0 hand axe.
You hit the orc priest but do no damage.
The orc priest is severely wounded.
You closely miss the orc.
The orc priest calls upon Beogh to heal the orc.
The orc's wounds heal themselves!
The orc hits you but does no damage.
The orc priest looks satisfied for a moment.
You see here a +0 cloak.
The kobold throws a stone.
The stone hits you but does no damage.
There is a stone staircase leading up here.
You hit the orc priest but do no damage.
The orc priest is severely wounded.
You hit the orc.
The orc priest shouts, "Surrender to Beogh and we'll let you live!"
The orc hits you with a +0 hand axe.
The orc priest hits you with a +0 hand axe.
* * * LOW HITPOINT WARNING * * *
The orc barely misses you.
You hit the orc priest.
The orc priest is almost dead.
You hit the orc.
You kill the orc!
The orc priest hits you but does no damage.
The kobold throws a stone.
The stone hits you but does no damage.
Unknown command.
You closely miss the orc priest.
The orc priest is almost dead.
The orc priest invokes the aid of Beogh against you.
Beogh smites you!
You die...

###########
#!........###
#...@)......#
#.#..oK)....#
#.....)...#
######..###
..# .# .# $
##


You could see an orc priest and a kobold.

Vanquished Creatures
  An adder (D:2)
  A worm (D:2)
  2 dart slugs
  2 orcs (D:3)
  2 ball pythons
  An endoplasm (D:1)
  A giant cockroach (D:2)
  A goblin (D:1)
  4 hobgoblins
  A quokka (D:2)
  2 frilled lizards
  3 kobolds
  2 rats (D:1)
  A toadstool (D:1)
24 creatures vanquished.

Vanquished Creatures (others)
  2 fungi (D:1)
  3 toadstools (D:1)
5 creatures vanquished.

Grand Total: 29 creatures vanquished

Notes
Turn   | Place    | Note
-------+----------+-------------------------------------------
     0 | D:1      | iamoutofideas the Hill Orc Gladiator began the quest for
                  | the Orb.
     0 | D:1      | Reached XP level 1. HP: 18/18 MP: 1/1
   318 | D:1      | Reached XP level 2. HP: 24/25 MP: 2/2
   529 | D:1      | Found Hachiemp's General Store.
  1079 | D:2      | Found an ornate altar of the Wu Jian Council.
  1119 | D:2      | Found a faded altar of an unknown god.
  1153 | D:2      | Reached skill level 1 in Armour
  1153 | D:2      | Reached XP level 3. HP: 20/30 MP: 3/3
  1326 | D:2      | Found Fesmatob's Armour Shoppe.
  1331 | D:2      | Bought a +1 leather armour of positive energy for 154 gold
                  | pieces
  1359 | D:2      | Reached skill level 5 in Axes
  1365 | D:2      | HP: 1/30 [iguana (8)]
  1731 | D:3      | Killed from afar by an orc priest

Illustrated notes

Levels and vault maps discovered:
D:1:      matt_arrival_debris, layout_basic, serial_shops, nicolae_shop_stone,
          minmay_gold_behind_fungi
D:2:      layout_rooms, hellmonk_ecumenical_altar_lost_god, serial_shops, shop,
          basic_altar, dk_vineyard_3, grunt_ministairs_1
D:3:      minmay_spotlight, layout_basic, nicolae_kikubaaqudgha_miasma_corner,
          uniq_natasha

Skill      XL: |  1  2  3 |
---------------+----------+-----
Armour         | 1 |  1.2
Axes           | 5 |  5.2
Fighting       | |  2.4
Throwing       | |  1.8
Dodging        | |  2.7

Action                   || total
-------------------------++-------
Melee: War axe           ||    60
Armor: Leather armour    ||    17
Dodge: Dodged            ||    37

Table legend: (Time is in decaauts)
 A = Elapsed time spent in this place.
 B = Non-inter-level travel time spent in this place.
 C = Inter-level travel time spent in this place.
 D = Time resting spent in this place.
 E = Time spent auto-exploring this place.
 F = Levels seen in this place.
 G = Mean time per level.
                   A        B        C        D        E       F      G
               +--------+--------+--------+--------+--------+-----+--------+
         Total |   1749 |   1639 |    110 |    451 |    843 |   3 |  583.0 |
       Dungeon |   1749 |   1639 |    110 |    451 |    843 |   3 |  583.0 |
               +--------+--------+--------+--------+--------+-----+--------+

Top non-repeatable levels by time:
     D:1: 1220 daAuts
     D:2: 511 daAuts
     D:3: 17 daAuts
